 Dungeon Crawl Stone Soup version 0.21.1-35-gfefc1aa2bb (webtiles) character file.

812 Torako the Carver (level 7, -5/60 HPs)
             Began as a Minotaur Monk on Aug 1, 2018.
             Slain by Menkaure (7 damage)
             ... on level 6 of the Dungeon.
             The game lasted 00:06:50 (3149 turns).

Torako the Carver (Minotaur Monk)                   Turns: 3149, Time: 00:06:50

Health: -5/60      AC:  6    Str: 15    XL:     7   Next: 61%
Magic:  6/6        EV: 10    Int:  7    God:
Gold:   178        SH:  4    Dex: 15    Spells: 6/6 levels left

rFire    . . .     SeeInvis +   a - +0 falchion
rCold    . . .     Gourm    .   s - +0 buckler
rNeg     . . .     Faith    .   l - +0 scale mail (curse)
rPois    .         Spirit   .   (helmet restricted)
rElec    .         Reflect  .   (no cloak)
rCorr    .         Harm     .   (no gloves)
MR       .....                  (no boots)
Stlth    ++........             (no amulet)
HPRegen  0.20/turn              g - ring of stealth
MPRegen  0.10/turn              n - ring of see invisible

@: no status effects
A: retaliatory headbutt, horns 2
a: no special abilities


You were on level 6 of the Dungeon.
You were very hungry.

You visited 1 branch of the dungeon, and saw 6 of its levels.

You collected 178 gold pieces.

Inventory:

Hand Weapons
 a - a +0 falchion (weapon)
Missiles
 k - 55 stones (quivered)
Armour
 l - a cursed +0 scale mail (worn)
 s - a +0 buckler (worn)
Jewellery
 g - a ring of stealth (left hand)
 j - an uncursed ring of ice
 n - a ring of see invisible (right hand)
Wands
 t - a wand of random effects (19)
Scrolls
 b - a scroll of magic mapping {unknown}
 d - 4 scrolls of immolation {unknown}
 e - 4 scrolls of remove curse {unknown}
 h - 2 scrolls of blinking {unknown}
 p - 4 scrolls of teleportation {unknown}
 q - 2 scrolls of identify {unknown}
 r - a scroll of vulnerability {unknown}
Potions
 f - a potion of agility {unknown}
 i - a potion of brilliance {unknown}
 m - 2 potions of ambrosia {unknown}
 o - a potion of flight {unknown}
Books
 u - a book of Necromancy

   Spells                             Type                      Level
   a - Pain                           Necromancy                   1
   b - Animate Skeleton               Necromancy                   1
   c - Vampiric Draining              Necromancy                   3
   d - Regeneration                   Charms/Necromancy            3
   e - Animate Dead                   Necromancy                   4
   f - Borgnjor's Vile Clutch         Necromancy/Earth             5
Comestibles
 c - 7 rations


   Skills:
 + Level 4.5 Fighting
 + Level 9.6 Long Blades
 + Level 3.1 Armour
 + Level 4.0 Dodging
 - Level 1.6 Stealth
 + Level 0.4 Shields


You had 6 spell levels left.
You didn't know any spells.

Dungeon Overview and Level Annotations

Branches:
Dungeon (6/15)
 Temple: D:4-7

Altars:
Elyvilon
Gozag
Hepliaklqana
Qazlal
Ru
Wu Jian

Shops:
D:5 [

Annotations:
D:6 Menkaure


Innate Abilities, Weirdness & Mutations

You reflexively headbutt those who attack you in melee.
You have a pair of horns on your head.


Message History

Menkaure gestures at you while chanting.
You struggle to resist.
You barely miss Menkaure.
Menkaure is heavily damaged.
Menkaure hits you!
You hit Menkaure.
Menkaure is severely damaged.
Menkaure hits you!!
* * * LOW HITPOINT WARNING * * *
You hit Menkaure.
Menkaure is almost destroyed.
Menkaure hits you!
* * * LOW HITPOINT WARNING * * *
You hit Menkaure but do no damage.
Menkaure is almost destroyed.
Menkaure barely misses you.
You hit Menkaure.
Menkaure is almost destroyed.
Menkaure hits you!
You die...

### M.. .. #.# #.# #.
#.###### #.# .. #.##...#
#.# .#
#.##.#.#######.####.# .#.
#............#.M....#....
#.##.#.###......@........
...........#.............
#.##.#.###.#.#.#.........
#.##.#.# #.#.#.#.........
#.##.#.# #....).......##.
#.##.#.###.#.#.#.##<#.#
#.##.........#.#.# .#.#
#.##.#.###.#.#.#.# .# #
#..............#.##.#


You could see Menkaure.

Vanquished Creatures
  The ghost of Supaplex the Charmwright, an amateur GnSk (D:3)
  A sky beast (D:5)
  An ice beast (D:3)
  A howler monkey (D:5)
  An orc priest (D:3)
  Terence (D:2)
  5 orc wizards (D:5)
  3 worker ants (D:5)
  3 adders
  2 shadow imps (D:5)
  2 oozes
  3 worms
  5 orcs
  4 giant cockroaches
  5 goblins
  6 hobgoblins
  7 jackals
  3 ball pythons
  6 bats
  5 frilled lizards
  4 kobolds
  11 rats
80 creatures vanquished.

Notes
Turn   | Place    | Note
-------+----------+-------------------------------------------
     0 | D:1      | Torako the Minotaur Monk began the quest for the Orb.
     0 | D:1      | Reached XP level 1. HP: 19/19 MP: 0/0
   156 | D:1      | Reached XP level 2. HP: 27/27 MP: 1/1
   190 | D:1      | Reached skill level 4 in Long Blades
   631 | D:2      | Reached XP level 3. HP: 31/33 MP: 2/2
   662 | D:2      | Found a stormy altar of Qazlal.
   669 | D:2      | Found a white marble altar of Elyvilon.
   680 | D:2      | Noticed Terence
   738 | D:2      | Reached skill level 5 in Long Blades
   882 | D:2      | Killed Terence
  1052 | D:2      | Found a hazy altar of Hepliaklqana.
  1249 | D:3      | Reached XP level 4. HP: 40/40 MP: 3/3
  1293 | D:3      | Reached skill level 6 in Long Blades
  1400 | D:3      | Noticed Supaplex's ghost (amateur GnSk)
  1446 | D:3      | Killed Supaplex's ghost
  1446 | D:3      | Reached skill level 8 in Long Blades
  1446 | D:3      | Reached XP level 5. HP: 4/46 MP: 4/4
  1446 | D:3      | Reached XP level 6. HP: 4/52 MP: 5/5
  1801 | D:3      | Noticed an ice beast
  1818 | D:3      | Killed an ice beast
  1818 | D:3      | Reached skill level 1 in Armour
  2141 | D:4      | Found an opulent altar of Gozag.
  2163 | D:4      | You fall through a shaft!
  2163 | D:5      | Entered Level 5 of the Dungeon
  2251 | D:5      | Reached skill level 9 in Long Blades
  2251 | D:5      | Reached XP level 7. HP: 46/59 MP: 6/6
  2260 | D:5      | Found a sacrificial altar of Ru.
  2606 | D:5      | Found Jepussemn's Antique Armour Shop.
  2703 | D:5      | Found an ornate altar of the Wu Jian Council.
  3133 | D:6      | Noticed Menkaure
  3147 | D:6      | HP: 1/60 [Menkaure (16)]
  3149 | D:6      | Slain by Menkaure

Skill      XL: |  1  2  3  4  5  6  7 |
---------------+----------------------+-----
Long Blades    | 4 5 8 9 |  9.6
Fighting       | 4 |  4.5
Armour         | 1 3 |  3.1
Dodging        | 4 |  4.0
Stealth        | |  1.6
Shields        | |  0.4

Action                   |  1- 3 |  4- 6 |  7- 9 || total
-------------------------+-------+-------+-------++-------
Melee: Falchion          |    83 |   121 |    73 ||   277
       Headbutt          |    16 |    28 |    16 ||    60
  Use: Potion            |       |     1 |       ||     1
 Stab: Sleeping          |     8 |     1 |     1 ||    10
  Eat: Chunk             |       |     4 |     2 ||     6
Armor: Robe              |    13 |       |       ||    13
       Scale mail        |     2 |    30 |    18 ||    50
Dodge: Dodged            |    51 |    63 |    28 ||   142
Block: Buckler           |       |       |     7 ||     7
       Rpst.: Falchion   |    19 |    14 |     5 ||    38
